 Dungeon Crawl Stone Soup version 0.24.0-13-gcf9b319 (webtiles) character file.

Game seed: 13767091662484305403, levelgen mode: deterministic

154 Fang the Skirmisher (level 5, 0/33 HPs)
             Began as a Gargoyle Berserker on Nov 13, 2019.
             Was a Believer of Trog.
             Slain by a river rat (4 damage)
             ... on level 3 of the Dungeon.
             The game lasted 00:02:07 (1690 turns).

Fang the Skirmisher (Gargoyle Berserker)            Turns: 1690, Time: 00:02:07

Health: 0/33       AC:  6    Str: 22    XL:     5   Next: 35%
Magic:  5/5        EV: 12    Int:  7    God:    Trog [**....]
Gold:   136        SH:  0    Dex:  9    Spells: 4/4 levels left

rFire    . . .     SeeInvis .   a - +0 hand axe
rCold    . . .     Gourm    .   (no shield)
rNeg     + . .     Faith    .   b - +0 animal skin
rPois    ∞         Spirit   .   (no helmet)
rElec    +         Reflect  .   (no cloak)
rCorr    .         Harm     .   (no gloves)
MR       .....                  (no boots)
Stlth    +.........             (no amulet)
HPRegen  0.11/turn              (no ring)
MPRegen  0.09/turn              (no ring)

@: very slow
A: negative energy resistance 1, electricity resistance, unbreathing,
petrification resistance, rot immunity, AC +4
a: Berserk, Trog's Hand, Renounce Religion


You were on level 3 of the Dungeon.
You worshipped Trog.
Trog was pleased with you.
You were not hungry.

You visited 1 branch of the dungeon, and saw 3 of its levels.

You collected 136 gold pieces.

Inventory:

Hand Weapons
 a - a +0 hand axe (weapon)
Armour
 b - a +0 animal skin (worn)
Jewellery
 d - an uncursed ring of poison resistance {unknown}
 o - a +2 ring of evasion
Scrolls
 e - 6 scrolls of identify {unknown}
 f - a scroll of fog {unknown}
 i - 2 scrolls of remove curse {unknown}
 j - 2 scrolls of teleportation {unknown}
 m - a scroll of random uselessness {unknown}
 n - a scroll of enchant armour {unknown}
 q - a scroll of amnesia {unknown}
Potions
 g - a potion of magic {unknown}
 h - a potion of berserk rage {unknown}
 l - 2 potions of agility {unknown}
 p - a potion of curing {unknown}
Comestibles
 c - 4 rations
 k - 7 chunks of flesh


   Skills:
 + Level 4.2 Fighting
 + Level 3.5 Axes
 + Level 3.5 Armour
 + Level 2.6 Dodging


You had 4 spell levels left.
You didn't know any spells.
Your spell library was empty.

Dungeon Overview and Level Annotations

Branches:
Dungeon (2/15)

Altars:
The Shining One


Innate Abilities, Weirdness & Mutations

You are resistant to torment.
Your stone body is resilient. (AC +4)
You are immune to poison.
You resist negative energy. (rN+)
You are resistant to electric shocks. (rElec)
You can survive without breathing.
You are immune to petrification.
You are immune to rotting.


Message History

The river rat bites you. The river rat closely misses you.
The river rat bites you but does no damage.
The river rat closely misses you.
Your unstable footing causes you to fumble your attack.
The river rat bites you.
* * * LOW HITPOINT WARNING * * *
Your unstable footing causes you to fumble your attack.
The river rat bites you but does no damage. x2
Your unstable footing causes you to fumble your attack.
The river rat closely misses you. x2; The river rat barely misses you.
You hit the river rat.
The river rat is lightly wounded.
You closely miss the river rat. The river rat bites you.
* * * LOW HITPOINT WARNING * * *
The river rat barely misses you.
You hit the river rat.
The river rat is moderately wounded.
You barely miss the river rat. The river rat bites you.
You die...

.....#.#.....#
#.#..#.#
#.#..........#
#.#.##.#
#.####.......#
#.#.##.# # #
###.....#
#......#
#.....#
###...##
####### ###.#
#.# #### #.#
#≈#r@# #.#
≈≈##r# #.#
#≈##≈# #.#
#≈#≈≈# #.#
#r#≈##≈#.#
#≈#≈≈≈≈#.#
#≈#≈####.#
#≈≈≈≈≈≈#.#
#.########≈#.#


You could see 2 river rats.

Vanquished Creatures
  6 adders
  2 river rats (D:3)
  A worm (D:3)
  3 dart slugs
  5 orcs (D:3)
  3 bats (D:1)
  3 giant cockroaches (D:1)
  7 goblins
  5 hobgoblins
  9 jackals
  4 frilled lizards
  9 kobolds
  8 rats
65 creatures vanquished.

Notes
Turn   | Place    | Note
-------+----------+-------------------------------------------
     0 | D:1      | Fang the Gargoyle Berserker began the quest for the Orb.
     0 | D:1      | Reached XP level 1. HP: 14/14 MP: 1/1
   272 | D:1      | Reached XP level 2. HP: 14/19 MP: 2/2
   363 | D:1      | Reached ** piety under Trog
   365 | D:1      | Reached XP level 3. HP: 19/23 MP: 3/3
  1030 | D:2      | Reached XP level 4. HP: 23/29 MP: 4/4
  1253 | D:2      | You fall into a shaft and drop 1 floor!
  1289 | D:3      | Reached skill level 4 in Fighting
  1474 | D:3      | Found a glowing golden altar of the Shining One.
  1572 | D:3      | Reached XP level 5. HP: 17/33 MP: 5/5
  1690 | D:3      | Slain by a river rat

Levels and vault maps discovered:
D:1:      dpeg_arrival_concentric_ovals, layout_basic
D:2:      layout_basic, hex_large
D:3:      layout_loops_cross, lemuel_doored_altar, lightli_sewer_entry_pipes,
          st_stairs_1, grunt_gozag_breadcrumbs

Skill      XL: |  1  2  3  4 |
---------------+-------------+-----
Dodging        | 2 |  2.6
Axes           | 3 |  3.5
Armour         | 3 |  3.5
Fighting       | 4 |  4.2

Action                   |  1- 3 |  4- 6 || total
-------------------------+-------+-------++-------
Melee: Hand axe          |   106 |   106 ||   212
Invok: Berserk           |     1 |     1 ||     2
       Trog's Hand       |       |     2 ||     2
  Eat: Chunk             |     1 |     4 ||     5
Armor: Animal skin       |    48 |    45 ||    93
Dodge: Dodged            |    80 |   103 ||   183
